 Dungeon Crawl Stone Soup version 0.20.1-1-g8b1a95d (webtiles) character file.

24 Malachi the Covered (level 3, 30/30 HPs)
             Began as a Barachi Fighter on June 6, 2017.
             Got out of the dungeon alive.
             The game lasted 00:03:43 (501 turns).

Malachi the Covered (Barachi Fighter)                Turns: 501, Time: 00:03:44

Health: 30/30      AC:  7    Str: 18    XL:     3   Next: 2%
Magic:  3/3        EV:  7    Int:  8    God:
Gold:   46         SH:  9    Dex: 11    Spells: 2/2 levels left

rFire    . . .     SeeInvis .   a - +0 war axe
rCold    . . .     Gourm    .   c - +0 shield
rNeg     . . .     Faith    .   b - +0 scale mail
rPois    .         Spirit   .   (no helmet)
rElec    .         Reflect  .   (no cloak)
rCorr    .         Harm     .   (no gloves)
MR       .....                  (no boots)
Stlth    ..........             (no amulet)
Regen    0.1/turn               (no ring)
MPRegen  0.1/turn               (no ring)

@: slow
A: +LOS, swims, slowness 1, strong legs 1
a: Hop


You escaped.
You were not hungry.

You visited 1 branch of the dungeon, and saw 1 of its levels.

You collected 46 gold pieces.

Inventory:

Hand Weapons
 a - a +0 war axe (weapon)
Missiles
 i - 12 poisoned needles
Armour
 b - a +0 scale mail (worn)
 c - a +0 shield (worn)
Scrolls
 k - a scroll of fog {unknown}
 n - a scroll of blinking {unknown}
 p - a scroll of enchant weapon {unknown}
 s - a scroll of enchant armour {unknown}
Potions
 d - a potion of might
 e - a potion of lignification {unknown}
 j - a potion of flight {unknown}
 l - a potion of mutation {unknown}
 m - a potion of degeneration {unknown}
 o - a potion of curing {unknown}
 r - 2 potions of cancellation {unknown}
Comestibles
 f - 2 bread rations
 g - 6 chunks of flesh
 h - a meat ration
 q - 3 fruits


   Skills:
 + Level 3.7 Fighting
 + Level 2.5 Axes
 + Level 4.0 Armour
 + Level 0.4 Dodging
 + Level 3.8 Shields


You had 2 spell levels left.
You didn't know any spells.

Dungeon Overview and Level Annotations

Branches:
Dungeon (1/15)

Altars:


Innate Abilities, Weirdness & Mutations

Shadows flee at your approach. (+LOS)
You can swim through water.
You cover ground slowly.
You can hop short distances.


Message History

You butcher the goblin corpse.
g - 6 chunks of flesh (gained 2)
Things that are here:
a dagger; a goblin skeleton
Things that are here:
a club; a goblin corpse You butcher the goblin corpse.
g - 7 chunks of flesh (gained 1)
Things that are here:
a club; a goblin skeleton Some of the chunks of flesh in your inventory have rotted away.
s - a scroll labeled MENEXZ NALISS
Things that are here:
a club; a goblin skeleton You see here 10 arrows.
There is a staircase leading out of the dungeon here.
Are you sure you want to leave the Dungeon?
This will make you lose the game! [Y]es or [N]o only, please.
Are you sure you want to leave the Dungeon?
This will make you lose the game!
You have escaped!

##..####.######...#
##.....##
#....###..#...#♣.♣#
#..##.#..
#...........## ♣.♣
#...###.#..
#....###.#...# ♣.♣
#.## #.#..
##.#####.....##♣.♣ #.
.....#
...##.........#♣.♣ .
##.###
.####.........#♣.♣ #
#.###
#####.......(.#♣.♣
#.##†
..............#♣@♣
#.##.
#####.........#♣.♣
#.#.. #.........#♣.♣
#.#.# #.........#♣.♣
#.#.# ###......##♣.♣
#####...#
#....#..#♣.♣
#......##
#....#(.#♣.♣ #.###.##
#######....#..#♣.♣###
##.# #.#
..............#...#.#
#..# #.###


There were no monsters in sight!

Vanquished Creatures
  A dart slug (D:1)
  A leopard gecko (D:1)
  3 goblins (D:1)
  2 hobgoblins (D:1)
  3 jackals (D:1)
  4 bats (D:1)
  A frilled lizard (D:1)
  A kobold (D:1)
  5 rats (D:1)
21 creatures vanquished.

Notes
Turn   | Place    | Note
-------+----------+-------------------------------------------
     0 | D:1      | Malachi the Barachi Fighter began the quest for the Orb.
     0 | D:1      | Reached XP level 1. HP: 18/18 MP: 1/1
    96 | D:1      | Reached XP level 2. HP: 22/25 MP: 2/2
   142 | D:1      | Upgraded the game from 0.20.0-10-g0535bb4 to 0.20.1-1-g8b1a95d
   431 | D:1      | Reached skill level 4 in Armour
   437 | D:1      | Reached XP level 3. HP: 23/30 MP: 3/3
   501 | D:$      | Got out of the dungeon alive.

Skill      XL: |  1  2 |
---------------+-------+-----
Armour         | 4 |  4.0
Fighting       | |  3.7
Axes           | |  2.5
Dodging        | |  0.4
Shields        | |  3.8

Action                   || total
-------------------------++-------
Melee: War axe           ||    91
 Abil: Hop               ||     3
Armor: Scale mail        ||    62
Dodge: Dodged            ||    39
Block: Shield            ||    74
